[Event "Titled Tuesday Blitz July 20 2021"]
[White "Tristan, Leonardo"]
[Black "Kim, Sergey"]
[WhiteFideId "113816"]
[BlackFideId "13700570"]
[WhiteElo "2404"]
[BlackElo "2512"]
[Result "1-0"]
[Round "04"]
[TimeControl "180+1"]
[Date "2021.07.21"]
[WhiteClock "0:00:56"]
[BlackClock "0:00:22"]

1. d4 Nf6 2. Bg5 g6 3. Bxf6 exf6 4. e3 h5 5. g3 h4 6. Bg2 d6 7. Ne2 f5 8. c4 Nd7 9. Nbc3 Nf6 10. Qd3 c6 11. O-O-O Qa5 12. Kb1 Bg7 13. Ka1 Bd7 14. e4 O-O-O 15. f3 h3 16. Bf1 fxe4 17. fxe4 Ng4 18. Qf3 f5 19. Nf4 Rhe8 20. Bxh3 Nf6 21. exf5 gxf5 22. Rhf1 Ne4 23. Nh5 Nxc3 24. Qxc3 Qxc3 25. bxc3 Bh8 26. Bxf5 Re2 27. Bxd7+ Kxd7 28. Rf7+ Kc8 29. Rb1 b6 30. Rxa7 c5 31. Nf4 Rxh2 32. Nd5 Re8 33. Ra8+ Kd7 34. Nxb6+ Ke7 35. Re1+ Kf7 36. Raxe8 cxd4 37. Rxh8 1-0


[Site "https://www.chess.com"]

[Event "Titled Tuesday Blitz July 20 2021"]
[White "Turgut, Aydin"]
[Black "Kubatko, Ivan"]
[WhiteFideId "2078791"]
[BlackFideId "24111473"]
[WhiteElo "2138"]
[BlackElo "2285"]
[Result "1-0"]
[Round "04"]
[TimeControl "180+1"]
[Date "2021.07.21"]
[WhiteClock "0:00:11"]
[BlackClock "0:00:01"]

1. e4 d5 2. exd5 Qxd5 3. Nc3 Qa5 4. d4 Nf6 5. Nf3 Bg4 6. h3 Bh5 7. g4 Bg6 8. Ne5 e6 9. h4 Bb4 10. Bd2 Qb6 11. h5 Be4 12. Nxe4 Nxe4 13. c3 Nxd2 14. Qxd2 Be7 15. O-O-O Nd7 16. Nxd7 Kxd7 17. Qf4 Qd6 18. Qe4 Bg5+ 19. Kb1 c6 20. Bc4 Rad8 21. d5 cxd5 22. Bxd5 Ke7 23. Bb3 Qc7 24. Qb4+ Kf6 25. Rd4 Rxd4 26. Qxd4+ Qe5 27. Qd3 Bf4 28. Rd1 Rc8 29. Qf3 1-0


[Site "https://www.chess.com"]

[Event "Titled Tuesday Blitz July 20 2021"]
[White "Vlassov, Nikolai"]
[Black "Kazakov, Mikhail"]
[WhiteFideId "4103360"]
[BlackFideId "14102749"]
[WhiteElo "2407"]
[BlackElo "2373"]
[Result "0-1"]
[Round "04"]
[TimeControl "180+1"]
[Date "2021.07.21"]
[WhiteClock "0:00:42"]
[BlackClock "0:00:17"]

1. e4 e5 2. Bc4 Nf6 3. d3 Nc6 4. Nf3 Be7 5. O-O O-O 6. Re1 d6 7. a4 Na5 8. Ba2 c5 9. c3 Nc6 10. Nbd2 Be6 11. Bxe6 fxe6 12. Rb1 Qd7 13. b4 cxb4 14. cxb4 Rac8 15. b5 Nd8 16. Nc4 Nf7 17. Bd2 Bd8 18. Qb3 h6 19. Rec1 Bc7 20. Bb4 Bb8 21. Rc2 Rfe8 22. Rbc1 d5 23. Ncd2 Rxc2 24. Rxc2 Rc8 25. Rxc8+ Qxc8 26. Qc3 Qd7 27. Ne1 a6 28. bxa6 bxa6 29. Qb3 Ba7 30. h3 Nh5 31. g3 Nxg3 32. Kh2 Bxf2 33. Ndf3 Nh5 34. Ng2 Bg3+ 35. Kg1 Qa7+ 36. d4 dxe4 37. Qxe6 exf3 38. Qc8+ Kh7 39. Qf5+ g6 40. Qxf7+ Qxf7 0-1


[Site "https://www.chess.com"]

[Event "Titled Tuesday Blitz July 20 2021"]
[White "Volkov, Maksim"]
[Black "Vukovic, Zdravko"]
[WhiteFideId "54123070"]
[BlackFideId "900877"]
[WhiteElo "2113"]
[BlackElo "2588"]
[Result "0-1"]
[Round "04"]
[TimeControl "180+1"]
[Date "2021.07.21"]
[WhiteClock "0:00:07"]
[BlackClock "0:00:40"]

1. d4 d5 2. c4 e6 3. Nf3 Nf6 4. g3 dxc4 5. Bg2 Bb4+ 6. Bd2 a5 7. O-O Nc6 8. a3 Bxd2 9. Qxd2 Rb8 10. Nc3 O-O 11. Qg5 h6 12. Qc5 Qe7 13. Qxc4 Rd8 14. Rfd1 Bd7 15. Rac1 Be8 16. e4 b5 17. Nxb5 Nxe4 18. Nh4 Rxb5 19. Qxb5 Nxd4 20. Qd3 Nc5 21. Qc4 Bb5 22. Qxc5 Qxc5 23. Rxc5 Ne2+ 24. Kh1 Rxd1+ 25. Bf1 Rxf1+ 26. Kg2 Rg1+ 27. Kf3 Nd4+ 28. Ke3 Re1+ 29. Kxd4 c6 30. Rc2 Rd1+ 31. Kc5 Ba4 32. Re2 Rd5+ 33. Kb6 g5 34. Ng2 Bd1 35. Re1 Bf3 36. Ne3 Rb5+ 37. Ka6 a4 38. Nc4 Bd5 39. Nb6 Rxb2 40. Nxa4 Rxf2 41. h4 Rf3 42. Ra1 Rxg3 43. hxg5 h5 44. Nc5 h4 45. Nd7 Bg2 46. Nf6+ Kf8 47. Nh5 Rxg5 48. Nf4 h3 49. Nxg2 hxg2 50. Rg1 f5 51. a4 f4 52. Kb6 f3 53. a5 0-1


[Site "https://www.chess.com"]

[Event "Titled Tuesday Blitz July 20 2021"]
[White "Wagner, Dennis"]
[Black "Nakamura, Hikaru"]
[WhiteFideId "24650684"]
[BlackFideId "2016192"]
[WhiteElo "2355"]
[BlackElo "2900"]
[Result "0-1"]
[Round "04"]
[TimeControl "180+1"]
[Date "2021.07.20"]
[WhiteClock "0:00:04"]
[BlackClock "0:00:36"]

1. e4 g6 2. d4 Bg7 3. Nc3 a6 4. Be3 b5 5. Qd2 Bb7 6. f3 d6 7. h4 h5 8. O-O-O e6 9. Kb1 Nd7 10. Nh3 Nb6 11. Bd3 Nf6 12. Ng5 Nfd7 13. Qf2 Qe7 14. g4 O-O-O 15. Ne2 Kb8 16. Ng3 Na4 17. gxh5 gxh5 18. c3 c5 19. Rhg1 Ndb6 20. Bc2 Rc8 21. Bf4 Ka8 22. dxc5 dxc5 23. Bd6 Qe8 24. e5 Nc4 25. Bxa4 bxa4 26. N3e4 Rc6 27. Bxc5 Bxe5 28. Bd4 f6 29. Bxe5 fxe5 30. a3 Rb6 31. Qc5 Rxb2+ 32. Ka1 Qc8 33. Qxc8+ Rxc8 34. Nxe6 Rb3 35. Nd6 Rxa3+ 36. Kb1 Rb3+ 37. Ka2 Nxd6 38. Rxd6 Rcxc3 39. Rg7 Rc2+ 40. Ka1 Rxf3 41. Nd8 Rf1+ 0-1


[Site "https://www.chess.com"]

[Event "Titled Tuesday Blitz July 20 2021"]
[White "Woodward, Andy"]
[Black "Gurevich, Dmitry"]
[WhiteFideId "30953499"]
[BlackFideId "2000407"]
[WhiteElo "2137"]
[BlackElo "2506"]
[Result "1-0"]
[Round "04"]
[TimeControl "180+1"]
[Date "2021.07.21"]
[WhiteClock "0:02:11"]
[BlackClock "0:01:59"]

1. d4 Nf6 2. c4 a6 3. Nc3 c5 4. Nf3 cxd4 5. Nxd4 d5 6. cxd5 Nxd5 7. e4 Nxc3 8. bxc3 e5 9. Nb3 Qxd1+ 10. Kxd1 Be6 11. Kc2 Nc6 12. Bb2 Rc8 13. Rc1 g6 14. Kb1 Bh6 15. Rd1 f5 16. Nc5 Ke7 17. Ba3 Kf6 18. Nxe6 Kxe6 19. Bc4+ Kf6 20. Rd6+ Kg7 21. Rd7+ Kf6 22. Rf7+ Kg5 23. Bc1+ 1-0


[Site "https://www.chess.com"]

[Event "Titled Tuesday Blitz July 20 2021"]
[White "Yaran, Siar"]
[Black "Vine, Elzbieta"]
[WhiteFideId "6323006"]
[BlackFideId "1119320"]
[WhiteElo "1977"]
[BlackElo "1850"]
[Result "1-0"]
[Round "04"]
[TimeControl "180+1"]
[Date "2021.07.21"]
[WhiteClock "0:00:12"]
[BlackClock "0:00:02"]

1. e4 c5 2. Nf3 Nc6 3. d4 cxd4 4. Nxd4 Nf6 5. Nc3 h5 6. Nxc6 bxc6 7. e5 Ng4 8. Bf4 Qc7 9. Qd4 g5 10. Bxg5 Qxe5+ 11. Qxe5 Nxe5 12. O-O-O d5 13. Be2 Bf5 14. Rhe1 Ng4 15. f3 Bh6 16. h4 Bxg5+ 17. hxg5 Ne5 18. Ba6 Nc4 19. Bb7 Rb8 20. Bxc6+ Kf8 21. Rxd5 Be6 22. Rb5 Rxb5 23. Nxb5 a6 24. Nd4 Na5 25. Nxe6+ fxe6 26. Rxe6 Nc4 27. Bd5 Nd6 28. Rh6 Kg7 29. Rxh8 Kxh8 30. c4 Kg7 31. c5 Nf5 32. Be4 Nd4 33. c6 Nb5 34. a4 Nc7 35. b4 e5 36. g3 Kf7 37. Bf5 Ke7 38. Kd2 Kd6 39. g6 Ne8 40. Bd7 Ng7 41. Ke3 Kc7 42. Ke4 Kd6 43. a5 1-0


[Site "https://www.chess.com"]

[Event "Titled Tuesday Blitz July 20 2021"]
[White "Zakhartsov, Vladimir"]
[Black "Lagunow, Raphael"]
[WhiteFideId "4145097"]
[BlackFideId "24652644"]
[WhiteElo "2466"]
[BlackElo "2400"]
[Result "0-1"]
[Round "04"]
[TimeControl "180+1"]
[Date "2021.07.21"]
[WhiteClock "0:00:04"]
[BlackClock "0:00:16"]

1. e4 c5 2. Nf3 Nc6 3. d4 cxd4 4. Nxd4 Nf6 5. Nc3 e5 6. Ndb5 d6 7. Bg5 a6 8. Na3 b5 9. Nd5 Be7 10. Bxf6 Bxf6 11. c4 Nd4 12. cxb5 Be6 13. Bc4 axb5 14. Bxb5+ Kf8 15. Bc4 Qa5+ 16. Qd2 Bd8 17. Qxa5 Bxa5+ 18. Kd1 f5 19. exf5 Bxf5 20. Ne3 Rb8 21. Nxf5 Nxf5 22. Rb1 d5 23. Bb3 Ke7 24. Nc2 d4 25. g4 Nd6 26. Ke2 Rhf8 27. f3 Nb7 28. Bc4 Nc5 29. b4 Na4 30. Kf2 Bb6 31. Kg3 Nc3 32. Rbe1 Kd6 33. Bd3 Bc7 34. Na3 Rxb4 35. Nc4+ Rxc4 36. Bxc4 e4 37. fxe4 Kc5+ 38. e5 Kxc4 39. Rhf1 Bxe5+ 40. Kh3 Rxf1 41. Rxf1 d3 42. Rf8 d2 43. Rc8+ Kd3 44. Rd8+ Bd4 45. Rd7 d1=Q 46. g5 Qf3+ 47. Kh4 Qf4+ 48. Kh5 Qxh2+ 49. Kg4 Qg2+ 50. Kf5 Qh3+ 51. Kf4 Qxd7 52. Kg3 Be5+ 53. Kh4 Ne4 54. g6 Bg3+ 55. Kh5 Qh3# 0-1


[Site "https://www.chess.com"]

[Event "Titled Tuesday Blitz July 20 2021"]
[White "Zaksaite, Salomeja"]
[Black "LuckSlayeer"]
[WhiteFideId "12801496"]
[WhiteElo "2002"]
[BlackElo "2542"]
[Result "0-1"]
[Round "04"]
[TimeControl "180+1"]
[Date "2021.07.21"]
[WhiteClock "0:00:01"]
[BlackClock "0:00:02"]

1. e4 c6 2. d4 d5 3. e5 Bf5 4. Nf3 e6 5. Be2 c5 6. Be3 cxd4 7. Nxd4 Ne7 8. O-O Nbc6 9. c4 dxc4 10. Nc3 Nxd4 11. Bxd4 Nc6 12. Nb5 a6 13. Nd6+ Bxd6 14. exd6 O-O 15. Bc5 b6 16. Ba3 b5 17. Bc5 Qd7 18. a4 Ne5 19. Qd4 Nd3 20. Bxd3 Bxd3 21. Rfe1 f6 22. a5 Bf5 23. Re3 e5 24. Qd2 Rac8 25. Bb4 Bd3 26. h3 Rc6 27. Rd1 Rcc8 28. Kh2 Rce8 29. Kg1 f5 30. Kh2 f4 31. Rxd3 cxd3 32. Qxd3 e4 33. Qd5+ Kh8 34. Re1 e3 35. f3 Rf5 36. Qd4 h6 37. Bc3 Kh7 38. Re2 Re6 0-1


[Site "https://www.chess.com"]

[Event "Titled Tuesday Blitz July 20 2021"]
[White "Zhigalko, Sergei"]
[Black "Remizov, Yaroslav"]
[WhiteFideId "13502956"]
[BlackFideId "34134015"]
[WhiteElo "2662"]
[BlackElo "2335"]
[Result "0-1"]
[Round "04"]
[TimeControl "180+1"]
[Date "2021.07.20"]
[WhiteClock "0:00:03"]
[BlackClock "0:00:16"]

1. e4 c6 2. d4 d5 3. e5 c5 4. Nf3 cxd4 5. Qxd4 Nc6 6. Qf4 e6 7. Bd3 Nge7 8. O-O Ng6 9. Qg3 Nb4 10. Nc3 Nxd3 11. cxd3 Be7 12. Ne2 O-O 13. Ned4 Qb6 14. Be3 Qxb2 15. h4 h5 16. Rfc1 Qa3 17. Nb5 Qa5 18. Nd6 Bd7 19. Nxb7 Qb5 20. Nc5 Rfc8 21. Rab1 Qc6 22. d4 Be8 23. Bg5 Bxc5 24. dxc5 Rab8 25. Rxb8 Rxb8 26. Nd4 Qa4 27. Be3 Qxa2 28. Qg5 Rb1 29. Rxb1 Qxb1+ 30. Kh2 Qe4 31. Qd8 Qxh4+ 32. Kg1 Qxd8 0-1


[Site "https://www.chess.com"]

[Event "Titled Tuesday Blitz July 20 2021"]
[White "Zierk, Steven"]
[Black "Kassimov, Baurzhan"]
[WhiteFideId "2034255"]
[BlackFideId "13704800"]
[WhiteElo "2494"]
[BlackElo "2234"]
[Result "1-0"]
[Round "04"]
[TimeControl "180+1"]
[Date "2021.07.21"]
[WhiteClock "0:00:12"]
[BlackClock "0:00:01"]

1. e4 c5 2. Nf3 d6 3. d4 cxd4 4. Nxd4 Nf6 5. f3 e6 6. c4 Be7 7. Nc3 a6 8. Be2 Qc7 9. O-O b6 10. Be3 Bb7 11. Rc1 Nbd7 12. b4 Rc8 13. Nb3 O-O 14. Qd2 Qb8 15. Rfd1 Bd8 16. Bf4 Ne5 17. Bxe5 dxe5 18. c5 Nh5 19. Na4 Bc6 20. Nxb6 Bxb6 21. cxb6 Qxb6+ 22. Kh1 Nf4 23. Bf1 Ba4 24. Rxc8 Rxc8 25. Bxa6 Bxb3 26. axb3 Rb8 27. Bc4 h6 28. b5 Ra8 29. g3 Ng6 30. Kg2 Qc5 31. Qf2 Qb4 32. h4 Nf8 33. Qd2 Qc5 34. Rc1 Qb6 35. Qf2 Qa5 36. Rd1 Rb8 37. Qb2 Qc7 38. Rd3 Nd7 39. Qd2 Nc5 40. Rd6 Qb7 41. Rc6 Nd7 42. Qd6 Nf6 43. Qxe5 Qa7 44. Ra6 Qb7 45. Qd4 Rc8 46. Ra7 Qb8 47. Ra6 Rd8 48. Qe3 Qe5 49. Ra2 h5 50. Rd2 Rb8 51. Qg5 Qc7 52. e5 Nd7 53. Qe7 1-0


[Site "https://www.chess.com"]

[Event "Titled Tuesday Blitz July 20 2021"]
[White "Zubov, Alexander"]
[Black "Dardha, Daniel"]
[WhiteFideId "14109409"]
[BlackFideId "240990"]
[WhiteElo "2740"]
[BlackElo "2489"]
[Result "1-0"]
[Round "04"]
[TimeControl "180+1"]
[Date "2021.07.20"]
[WhiteClock "0:00:35"]
[BlackClock "0:00:27"]

1. d4 d5 2. Nf3 Nf6 3. c4 c6 4. Qb3 dxc4 5. Qxc4 Bg4 6. Nbd2 Nbd7 7. g3 e6 8. Bg2 Bd6 9. Qb3 Nb6 10. O-O O-O 11. h3 Bh5 12. g4 Bg6 13. Nh4 a5 14. Nxg6 hxg6 15. Rd1 a4 16. Qc2 Bc7 17. Nf3 Nfd5 18. Ne5 Nd7 19. e4 N5f6 20. Nc4 Qb8 21. Be3 Bf4 22. e5 Bxe3 23. fxe3 Nd5 24. Qd2 N7b6 25. Nd6 Nc8 26. Ne4 Qc7 27. a3 Qe7 28. g5 f5 29. gxf6 gxf6 30. exf6 Nxf6 31. Ng5 Nh5 32. Nf3 Nd6 33. Qd3 Nf5 34. Rf1 Kg7 35. Rf2 Nh4 36. Raf1 Nxf3+ 37. Rxf3 Rxf3 38. Rxf3 Ra5 39. Qc3 Rf5 40. Rxf5 exf5 41. d5+ Kh6 42. dxc6 bxc6 43. Bxc6 Qd6 44. Bg2 Qd1+ 45. Kf2 Qd8 46. Qd4 Qb8 47. h4 Qg3+ 48. Kf1 Qb8 49. Bf3 Ng7 50. Qf4+ Qxf4 51. exf4 Ne6 52. Bd1 Nxf4 53. Bxa4 Kh5 54. Bc6 Kxh4 55. b4 Nd3 56. b5 Nc5 57. b6 Na6 58. a4 Kg5 59. a5 Kf6 60. Bb5 1-0


[Site "https://www.chess.com"]

[Event "Titled Tuesday Blitz July 20 2021"]
[White "Aldokhin, Ivan"]
[Black "Noritsyn, Nikolay"]
[WhiteFideId "24115720"]
[BlackFideId "2604922"]
[WhiteElo "2306"]
[BlackElo "2527"]
[Result "1-0"]
[Round "05"]
[TimeControl "180+1"]
[Date "2021.07.21"]
[WhiteClock "0:00:07"]
[BlackClock "0:00:12"]

1. e4 c5 2. Nf3 e6 3. d4 cxd4 4. Nxd4 a6 5. Nc3 Qc7 6. Bd3 Bc5 7. Nb3 Be7 8. O-O d6 9. f4 Nd7 10. Bd2 Ngf6 11. Qf3 b6 12. g4 g6 13. g5 Nh5 14. e5 Bb7 15. exd6 Bxd6 16. Be4 O-O-O 17. Bxb7+ Qxb7 18. Ne4 Bc7 19. a4 h6 20. a5 b5 21. gxh6 Bb8 22. Be3 Rxh6 23. Rad1 Rhh8 24. Bd4 Rhg8 25. Qc3+ Bc7 26. Nd6+ Kb8 27. Nxb7 Kxb7 28. Be3 Nhf6 29. Qd4 Bb8 30. Nc5+ Nxc5 31. Qxf6 Nd7 32. Qxf7 Kc8 33. Qxe6 g5 34. Qc6+ Bc7 35. Bb6 gxf4+ 36. Kh1 1-0


[Site "https://www.chess.com"]

[Event "Titled Tuesday Blitz July 20 2021"]
[White "Ambartsumova, Karina"]
[Black "Tymrakiewicz, Rafal"]
[WhiteFideId "4166299"]
[BlackFideId "1108832"]
[WhiteElo "2262"]
[BlackElo "2172"]
[Result "1-0"]
[Round "05"]
[TimeControl "180+1"]
[Date "2021.07.21"]
[WhiteClock "0:00:12"]
[BlackClock "0:00:04"]

1. e4 Nf6 2. Nc3 d5 3. exd5 Nxd5 4. Nf3 Bg4 5. Be2 Nc6 6. d4 Nxc3 7. bxc3 e6 8. O-O Be7 9. Rb1 Rb8 10. Bf4 O-O 11. h3 Bh5 12. Re1 Qd5 13. Bxc7 Rbc8 14. Bg3 Na5 15. Rb5 Bxf3 16. Rxd5 Bxd5 17. Bf3 Rfd8 18. Bxd5 Rxd5 19. Re5 Rxe5 20. Bxe5 Rd8 21. Qg4 g6 22. Qf4 Nc4 23. Bf6 Bd6 24. Qe4 Rd7 25. h4 Bf8 26. h5 Nd6 27. Qg4 Nf5 28. hxg6 fxg6 29. Qe4 Kf7 30. Be5 h5 31. c4 Re7 32. c3 a6 33. Bf4 b6 34. Qc6 Bg7 35. Qxb6 Rd7 36. Qxa6 e5 37. Bxe5 Bxe5 38. dxe5 Rd1+ 39. Kh2 Kg7 40. Qf6+ Kh6 41. e6 Re1 42. c5 h4 43. c6 Re2 44. c7 Rxf2 45. c8=Q Kh5 46. Qch8+ Kg4 47. Qxg6+ Kf4 48. Qxf5+ Kxf5 49. Qf8+ Kg4 50. Qxf2 h3 51. gxh3+ 1-0


[Site "https://www.chess.com"]

[Event "Titled Tuesday Blitz July 20 2021"]
[White "Arabidze, Meri"]
[Black "Har-Zvi, Ronen"]
[WhiteFideId "13604040"]
[BlackFideId "2801485"]
[WhiteElo "2432"]
[BlackElo "2523"]
[Result "1-0"]
[Round "05"]
[TimeControl "180+1"]
[Date "2021.07.20"]
[WhiteClock "0:00:27"]
[BlackClock "0:01:33"]

1. Nf3 d5 2. g3 c6 3. Bg2 Nf6 4. O-O Bg4 5. b3 e6 6. Bb2 Nbd7 7. h3 Bh5 8. d4 Bd6 9. c4 O-O 10. Nbd2 Re8 11. g4 Bg6 12. Ne5 Qe7 13. Nxg6 hxg6 14. e4 dxe4 15. Nxe4 Nxe4 16. Bxe4 Nf6 17. Bg2 Ba3 18. Bxa3 Qxa3 19. Qc2 Rad8 20. Rad1 Rd7 21. Rd2 Red8 22. Rfd1 g5 23. Qc3 Qe7 24. Qe3 e5 25. d5 cxd5 26. cxd5 Ne8 27. Qxa7 Nd6 28. Qe3 Rc7 29. Re2 f6 30. Be4 Rdc8 31. Bf5 Rc3 32. Bxc8 Rxe3 33. Be6+ Kh7 34. Rxe3 Qc7 35. b4 Qc2 36. Ree1 Qxa2 37. Rc1 Qa3 38. b5 Qb4 39. Red1 Qxb5 40. Bf5+ g6 41. Rc7+ Kh6 42. Be6 e4 43. Bg8 1-0


[Site "https://www.chess.com"]

[Event "Titled Tuesday Blitz July 20 2021"]
[White "Arnold, Ken"]
[Black "Mokshanov, Alexey"]
[WhiteFideId "2056836"]
[BlackFideId "24121657"]
[WhiteElo "2457"]
[BlackElo "2262"]
[Result "0-1"]
[Round "05"]
[TimeControl "180+1"]
[Date "2021.07.21"]
[WhiteClock "0:01:06"]
[BlackClock "0:01:30"]

1. d4 d5 2. c4 e6 3. Nf3 Nf6 4. cxd5 exd5 5. Nc3 c6 6. Bf4 Bd6 7. Bxd6 Qxd6 8. e3 Bf5 9. Bd3 Bxd3 10. Qxd3 O-O 11. O-O Re8 12. Rab1 a5 13. a3 Nbd7 14. b4 axb4 15. axb4 b5 16. Nd2 Nb6 17. e4 dxe4 18. Ndxe4 Nxe4 19. Nxe4 Qd5 20. Nc5 h6 21. h3 Nc4 22. Ra1 Rad8 23. Ra6 Nb2 24. Qc3 Qxd4 25. Qxd4 Rxd4 26. Rxc6 Rxb4 27. Rb6 Nc4 28. Rb7 Nd6 29. Rb6 Rd4 30. Nb7 Nxb7 31. Rxb7 b4 32. Rc1 Rf4 33. f3 Re2 34. Rc8+ Kh7 35. Rcb8 Rc4 36. Rxb4 Rcc2 37. Rg4 f5 38. Rg3 f4 39. Rg4 g5 40. h4 Re1+ 41. Kh2 Rcc1 42. Rb7+ Kg8 0-1


[Site "https://www.chess.com"]

[Event "Titled Tuesday Blitz July 20 2021"]
[White "Bakalchuk, Johnatan"]
[Black "DieHardCuban"]
[WhiteFideId "2810301"]
[WhiteElo "2507"]
[BlackElo "2461"]
[Result "1-0"]
[Round "05"]
[TimeControl "180+1"]
[Date "2021.07.21"]
[WhiteClock "0:01:21"]
[BlackClock "0:00:13"]

1. d4 Nf6 2. Nc3 d5 3. Bf4 c6 4. Qd2 g6 5. f3 Bg7 6. Bh6 O-O 7. O-O-O b5 8. Bxg7 Kxg7 9. e4 b4 10. e5 bxc3 11. exf6+ exf6 12. Qxc3 Nd7 13. g4 Rb8 14. h4 Re8 15. h5 g5 16. h6+ Kg8 17. Ne2 Qc7 18. Rg1 Nb6 19. b3 Bd7 20. Qd2 Qd6 21. Qa5 Re3 22. f4 gxf4 23. g5 f5 24. Rd2 f3 25. Ng3 Re1+ 26. Rd1 Qf4+ 27. Qd2 Rxd1+ 28. Kxd1 Qg4 29. Qf2 Re8 30. Bd3 f4 31. Nf5 Bxf5 32. Rxg4 Bxg4 33. Kd2 Nc8 34. Qh2 Nd6 35. Qxf4 Bh5 36. Qxd6 f2 37. Qf4 1-0


[Site "https://www.chess.com"]

[Event "Titled Tuesday Blitz July 20 2021"]
[White "Baskin, Robert"]
[Black "davigator"]
[WhiteFideId "24662402"]
[WhiteElo "2462"]
[BlackElo "2409"]
[Result "0-1"]
[Round "05"]
[TimeControl "180+1"]
[Date "2021.07.21"]
[WhiteClock "0:00:01"]
[BlackClock "0:00:16"]

1. e4 c5 2. Nf3 Nc6 3. Nc3 Nf6 4. Bb5 g6 5. e5 Ng4 6. Bxc6 dxc6 7. h3 Nh6 8. d3 Bg7 9. g4 b6 10. Bf4 Ng8 11. Qd2 Be6 12. O-O-O Qd7 13. d4 cxd4 14. Nxd4 h5 15. Kb1 hxg4 16. hxg4 Bxg4 17. Rxh8 Bxh8 18. Rh1 Bg7 19. Rh7 Kf8 20. Qe3 Rd8 21. Nb3 Be6 22. a3 Bxb3 23. cxb3 Qd4 24. Qg3 Qd3+ 25. Qxd3 Rxd3 26. Kc2 Rd8 27. Ne4 Rd5 28. Nc3 Rd4 29. Be3 Rg4 30. f4 g5 31. fxg5 Bxe5 32. Ne2 Rg2 33. Kd3 Bxb2 34. a4 c5 35. Nf4 Rg3 36. Ke4 Be5 37. Nh5 Rh3 38. Bf2 Bd4 0-1


[Site "https://www.chess.com"]

[Event "Titled Tuesday Blitz July 20 2021"]
[White "Batsuren, Dambasuren"]
[Black "Huynh, Ngoc Thuy Linh"]
[WhiteFideId "4902920"]
[BlackFideId "12403334"]
[WhiteElo "2371"]
[BlackElo "1780"]
[Result "1-0"]
[Round "05"]
[TimeControl "180+1"]
[Date "2021.07.21"]
[WhiteClock "0:01:26"]
[BlackClock "0:00:59"]

1. c4 Nf6 2. Nc3 e6 3. e4 d5 4. e5 d4 5. exf6 dxc3 6. bxc3 gxf6 7. d4 b6 8. Qf3 c6 9. Bd3 Bb7 10. Ne2 f5 11. O-O Qc7 12. Re1 Nd7 13. Bf4 Bd6 14. Bxd6 Qxd6 15. Rab1 O-O-O 16. Qf4 Nf6 17. Qh4 Ng4 18. Ng3 Kb8 19. h3 h5 20. c5 Qd5 21. hxg4 hxg4 22. Qf6 Rh7 23. Re5 Qxa2 24. Qxd8+ 1-0


[Site "https://www.chess.com"]

[Event "Titled Tuesday Blitz July 20 2021"]
[White "Borsuk, Konstantin"]
[Black "Kilpatrick, Callum"]
[WhiteFideId "14113406"]
[BlackFideId "414425"]
[WhiteElo "2363"]
[BlackElo "2477"]
[Result "1/2-1/2"]
[Round "05"]
[TimeControl "180+1"]
[Date "2021.07.21"]
[WhiteClock "0:00:02"]
[BlackClock "0:00:07"]

1. d4 Nf6 2. c4 g6 3. Nc3 d5 4. Nf3 Bg7 5. Bg5 Ne4 6. cxd5 Nxg5 7. Nxg5 e6 8. Nf3 exd5 9. b4 Qd6 10. Qb3 c6 11. e3 O-O 12. Be2 Nd7 13. b5 Nf6 14. O-O Bf5 15. Rac1 c5 16. dxc5 Qxc5 17. Nd4 Bd7 18. Bf3 Rac8 19. g3 Bh3 20. Bg2 Bxg2 21. Kxg2 Qd6 22. Nce2 Ne4 23. Rfd1 Qf6 24. f3 Ng5 25. Rxc8 Rxc8 26. Qxd5 Re8 27. h4 Ne6 28. Nxe6 Rxe6 29. Qd8+ Qxd8 30. Rxd8+ Bf8 31. e4 Kg7 32. Nd4 Rb6 33. a4 Bc5 34. Nb3 Bb4 35. Rd5 a6 36. f4 Kf6 37. Kf3 Ke6 38. Nd4+ Ke7 39. e5 Ke8 40. a5 Bxa5 41. Ke4 axb5 42. Nxb5 Bb4 43. g4 Ke7 44. f5 f6 45. e6 Ra6 46. Rd7+ Ke8 47. Rxh7 gxf5+ 48. gxf5 Bf8 49. Kd5 Ra5 50. Kc4 Ra4+ 51. Kc3 Rf4 52. Rxb7 Rxf5 53. Kd4 Rh5 54. Ke4 Rxh4+ 55. Kf5 Rh5+ 56. Kxf6 Be7+ 57. Kg6 Rg5+ 58. Kh6 Rg1 59. Rb8+ Bd8 60. Rb7 Re1 61. Nd6+ Kf8 62. Rf7+ Kg8 63. Rg7+ Kf8 64. Rg6 Ke7 65. Nf5+ Ke8 66. Kg7 Bb6 67. e7 Bc5 68. Rc6 Bxe7 69. Nxe7 Kxe7 70. Kg6 Re6+ 71. Rxe6+ Kxe6 1/2-1/2


[Site "https://www.chess.com"]

[Event "Titled Tuesday Blitz July 20 2021"]
[White "Bortnyk, Olexandr"]
[Black "Siva Mahadevan"]
[WhiteFideId "14120828"]
[BlackFideId "25043153"]
[WhiteElo "2723"]
[BlackElo "2203"]
[Result "1-0"]
[Round "05"]
[TimeControl "180+1"]
[Date "2021.07.20"]
[WhiteClock "0:00:06"]
[BlackClock "0:00:13"]

1. e4 c5 2. c3 e5 3. Nf3 Nc6 4. Bc4 Nf6 5. d3 Be7 6. O-O O-O 7. h3 d6 8. a4 Be6 9. Na3 d5 10. exd5 Nxd5 11. Re1 Bf6 12. Ba2 Re8 13. Nc4 Nb6 14. Nxb6 Qxb6 15. Bxe6 Rxe6 16. Nd2 Rd8 17. Ne4 Be7 18. Qf3 Qa6 19. Bg5 Bxg5 20. Nxg5 Re7 21. Re3 Qb6 22. Re2 Qb3 23. Ne4 Qd5 24. Re3 b6 25. Rae1 Na5 26. Qh5 Qc6 27. Rg3 g6 28. Qh4 Qe6 29. Ng5 Qf6 30. Qxh7+ Kf8 31. Rf3 Qg7 32. Rxf7+ Qxf7 33. Nxf7 Rxf7 34. Qh8+ Ke7 35. Qxe5+ Kd7 36. Qe6+ Kc7 37. Qxf7+ 1-0


[Site "https://www.chess.com"]

[Event "Titled Tuesday Blitz July 20 2021"]
[White "Dang, Hoang Son"]
[Black "Von Buelow, Georg"]
[WhiteFideId "12402435"]
[BlackFideId "4620658"]
[WhiteElo "2248"]
[BlackElo "2246"]
[Result "1-0"]
[Round "05"]
[TimeControl "180+1"]
[Date "2021.07.21"]
[WhiteClock "0:02:33"]
[BlackClock "0:01:38"]

1. e4 c5 2. Nf3 d6 3. d4 cxd4 4. Nxd4 Nf6 5. Nc3 a6 6. Be3 Ng4 7. Qf3 Nxe3 8. Qxe3 g6 9. O-O-O Bg7 10. f4 O-O 11. e5 Qa5 12. Nb3 Qc7 13. Nd5 Qd8 14. Nb6 1-0


[Site "https://www.chess.com"]

[Event "Titled Tuesday Blitz July 20 2021"]
[White "Dardha, Daniel"]
[Black "Perez Rodriguez, Luis Manuel"]
[WhiteFideId "240990"]
[BlackFideId "3503364"]
[WhiteElo "2489"]
[BlackElo "2429"]
[Result "1-0"]
[Round "05"]
[TimeControl "180+1"]
[Date "2021.07.21"]
[WhiteClock "0:00:43"]
[BlackClock "0:00:36"]

1. d4 d5 2. c4 c6 3. cxd5 cxd5 4. Nf3 Nc6 5. Nc3 Nf6 6. Bf4 a6 7. Rc1 Bf5 8. e3 e6 9. Qb3 Ra7 10. Be2 Bd6 11. Bxd6 Qxd6 12. O-O O-O 13. Na4 b5 14. Nc5 Bg4 15. h3 Bxf3 16. Bxf3 e5 17. dxe5 Nxe5 18. Qd1 Rc7 19. b4 a5 20. a3 g6 21. Qd4 axb4 22. axb4 Nxf3+ 23. gxf3 Ra8 24. Ra1 Rcc8 25. Kg2 h5 26. Rfd1 Kh7 27. Qd3 Qe5 28. Rxa8 Rxa8 29. f4 Qb2 30. Qxb5 Ra2 31. Rf1 d4 32. Nd3 Qe2 33. Qe5 Kg7 34. Nc5 dxe3 35. Ne4 Ra6 36. Ng5 Ra1 37. Qxa1 1-0


[Site "https://www.chess.com"]